 Dungeon Crawl Stone Soup version 0.27.1-4-g1640c2035a (webtiles) character file.

Game seed: 15335763390133090248

709 zeram the Cudgeller (level 7, -3/59 HPs)
             Began as a Troll Summoner on Nov 11, 2021.
             Was a Follower of Dithmenos.
             Killed by divine providence
             ... invoked by an orc priest
              (10 damage)
             ... on level 5 of the Dungeon on Nov 12, 2021.
             The game lasted 00:09:38 (3939 turns).

zeram the Cudgeller (Troll Summoner)                Turns: 3939, Time: 00:09:40

Health: -3/59      AC:  4    Str: 17    XL:     7   Next: 40%
Magic:  3/7        EV: 10    Int: 13    God:    Dithmenos [*.....]
Gold:   195        SH:  0    Dex: 10    Spells: 2/8 levels left

rFire    . . .     SeeInvis .   f - +0 flail
rCold    . . .     Faith    .   (no shield)
rNeg     . . .     Spirit   .   a - +0 robe
rPois    .         Reflect  .   (helmet restricted)
rElec    .         Harm     .   (no cloak)
rCorr    .         Rampage  .   (gloves unavailable)
Will     .....                  (boots unavailable)
Stlth    ++........             (no amulet)
HPRegen  1.19/turn              (no ring)
MPRegen  0.10/turn              (no ring)

@: lethally poisoned (-3 -> -18), wreathed by umbra
A: large, unfitting armour, claws 3, regeneration 1, shaggy fur 1, tough skin 1
a: Renounce Religion


You were on level 5 of the Dungeon.
You worshipped Dithmenos.
Dithmenos was aware of your devotion.
You visited 2 branches of the dungeon, and saw 6 of its levels.

You collected 195 gold pieces.

Inventory:

Hand Weapons
 c - a +0 whip
 f - a +0 flail (weapon)
Armour
 a - a +0 robe (worn)
Jewellery
 i - a ring of protection from cold
Wands
 k - a wand of polymorph (6)
Potions
 b - 4 potions of invisibility {unknown}
 d - 2 potions of attraction {unknown}
 e - a potion of magic {unknown}
 g - a potion of haste {unknown}
 h - a potion of curing {unknown}
 j - 2 potions of mutation {unknown}
 l - a potion of flight {unknown}
 m - 2 potions of degeneration {unknown}
 n - a potion of lignification {unknown}
 o - a potion of cancellation {unknown}


   Skills:
 + Level 4.9 Maces & Flails
 + Level 3.7 Dodging
 - Level 1.0 Stealth
 - Level 1.2 Spellcasting
 * Level 4.4 Summonings


You had 2 spell levels left.
You knew the following spells:

 Your Spells              Type           Power      Damage    Failure   Level
a - Summon Small Mammal   Summ           48%        N/A       4%          1
b - Call Imp              Summ           12%        N/A       7%          2
c - Call Canine Familiar  Summ           12%        N/A       14%         3

Your spell library contained the following spells:

 Spells                   Type           Power      Damage    Failure   Level
 Animate Skeleton         Necr           0%         N/A       28%         1
 Foxfire                  Conj/Fire      0%         2x1d4     28%         1
 Pain                     Necr           0%         1d4       28%         1
 Slow                     Hex            0%         N/A       38%         2
 Sublimation of Blood     Necr           0%         N/A       38%         2
 Summon Guardian Golem    Hex/Summ       6%         N/A       32%         3
 Confusing Touch          Hex            0%         N/A       63%         3
 Conjure Flame            Conj/Fire      0%         6-21      63%         3
 Inner Flame              Hex/Fire       0%         N/A       63%         3
 Vampiric Draining        Necr           0%         2d6       63%         3
 Summon Lightning Spire   Summ/Air       6%         N/A       73%         4
 Petrify                  Tmut/Erth      0%         N/A       95%         4
 Irradiate                Conj/Tmut      0%         3d14      100%        5


Dungeon Overview and Level Annotations

Branches:
Dungeon (5/15)             Temple (1/1) D:4

Altars:
Ashenzari
Dithmenos
Elyvilon
Kikubaaqudgha
Makhleb
Nemelex Xobeh
Okawaru
Qazlal
Ru
Sif Muna
Trog
Vehumet
Xom
The Shining One

Shops:
D:1 *   D:2 [


Innate Abilities, Weirdness & Mutations

You are too large for most types of armour.
You have claws for hands.
Your natural rate of healing is unusually fast.
You are covered in fur. (AC +1)
You have tough skin. (AC +1)


Message History

The water moccasin bites you but does no damage.
You hear a shout! x3
An orc comes into view. It is wielding a +0 club.
Casting: Call Imp (safe; 7% risk of failure)
Confirm with . or Enter, or press ? or * to list all spells.
A beastly little devil appears in a puff of frigid air.
The water moccasin barely misses you. The water moccasin closely misses you.
The orc wizard mumbles some strange words.
The orc wizard flickers and vanishes!
Deactivating autopickup; reactivate with Ctrl-A.
You barely miss the water moccasin.
The water moccasin bites you but does no damage.
The orc priest calls down the wrath of Beogh upon you.
Beogh smites you! The water moccasin closely misses you.
You barely miss the water moccasin. The water moccasin bites you.
You hit the water moccasin.
The water moccasin is lightly wounded.
The water moccasin bites you.
You are poisoned.
The water moccasin poisons you! The water moccasin bites you.
You are more poisoned.
The water moccasin poisons you!
Casting: Call Imp (safe; 7% risk of failure)
Confirm with . or Enter, or press ? or * to list all spells.
A beastly little devil appears in a puff of frigid air.
You feel extremely sick. The water moccasin bites you.
You are lethally poisoned!
The water moccasin poisons you!
You feel extremely sick.
The orc hits your white imp with a +0 club.
The water moccasin bites you!
* * * LOW HITPOINT WARNING * * *
You swap places.
* * * LOW HITPOINT WARNING * * *
You feel extremely sick.
The water moccasin bites your white imp.
The orc priest mumbles some strange prayers to Beogh against you.
Beogh smites you!
You die...

,*,*,*,#.#.#.#.#.#.## #......)..
*,*,*,#.#.#.#.#.#.#.# #.........
,*,*,#.#.#.#.#.#.#.## #.........
*,*,#.#.#.#.#.#.#.#.####..(......
,*,*.#.#.#.#.#.#.#.#...'.........
*,*,*.#.#.#.#.#.#.#.####.........
,*,*,*.#.#.#.#.#.#.## #.......(.
*,*,*,*.#.#.#$#.#.#.# #######...
,*,*,*,*,#.#.#.#@#.## *...
*,*,*,*,*,#.#.#5#.#.## *,,,
,*,*,*,*,*,#.#S#.#...# *,,,
*,*,*,*,*,*,#5#.#....# *,,,
,*,*,*,*,*,#o#.#.#...# *,,,
*,*,*,*,*,#o#.#.#+...# *,,,
,*,*,*,*,oo#.#.#.#...# ****
*,*,*,*,#o#.#.#,#....#
,*,*^*,#.#....,*.#...#****


You could see a water moccasin (ally target), 2 orc priests, 3 orcs and 2
friendly white imps.

Vanquished Creatures
  A black bear (D:4)
  A water moccasin skeleton (D:5)
  A howler monkey (D:4)
  2 vampire bats (D:3)
  A centaur zombie (D:5)
  A bullfrog skeleton (D:5)
  2 hounds
  2 iguanas
  An orc wizard (D:4)
  A hound zombie (D:5)
  Robin (D:4)
  A gnoll (D:1)
  4 adders
  An adder skeleton (D:4)
  4 dart slugs
  9 orcs
  2 bats (D:1)
  2 bat skeletons (D:3)
  4 bat zombies (D:3)
  3 endoplasms
  3 giant cockroaches (D:2)
  11 goblins
  9 hobgoblins
  4 kobolds
  2 quokkas
  5 ball pythons
  2 frilled lizards (D:2)
  A jackal skeleton (D:4)
  2 rats (D:1)
83 creatures vanquished.

Vanquished Creatures (collateral kills)
  An ogre (D:5)
  An orc priest (D:3)
  An orc wizard (D:3)
  2 adders
  An orc (D:3)
6 creatures vanquished.

Grand Total: 89 creatures vanquished

Notes
Turn   | Place    | Note
-------+----------+-------------------------------------------
     0 | D:1      | zeram the Troll Summoner began the quest for the Orb.
     0 | D:1      | Reached XP level 1. HP: 16/16 MP: 1/1
   123 | D:1      | Found Vainuoku's Assorted Antiques.
   134 | D:1      | Reached XP level 2. HP: 24/24 MP: 2/2
   758 | D:2      | HP: 1/24 [gnoll (11)]
   799 | D:1      | Reached XP level 3. HP: 19/31 MP: 3/3
   845 | D:2      | Learned a level 2 spell: Call Imp
   928 | D:2      | Reached skill level 1 in Maces & Flails
  1058 | D:2      | Found Yxoeng's Antique Armour Emporium.
  1426 | D:3      | Found a faded altar of an unknown god.
  1436 | D:3      | Reached XP level 4. HP: 29/39 MP: 0/4
  2062 | D:3      | Found an ancient bone altar of Kikubaaqudgha.
  2090 | D:3      | Reached XP level 5. HP: 45/45 MP: 5/5
  2388 | D:4      | Found a staircase to the Ecumenical Temple.
  2433 | Temple   | Entered the Ecumenical Temple
  2672 | Temple   | Became a worshipper of Dithmenos the Shadowed
  2793 | D:4      | Noticed a black bear
  2804 | D:4      | Killed a black bear
  2805 | D:4      | Reached XP level 6. HP: 16/53 MP: 6/6
  2907 | D:4      | Noticed Robin
  2917 | D:4      | Killed Robin
  3001 | D:4      | Learned a level 3 spell: Call Canine Familiar
  3106 | D:4      | Reached * piety under Dithmenos
  3580 | D:5      | Entered Level 5 of the Dungeon
  3651 | D:5      | Reached XP level 7. HP: 46/59 MP: 3/7
  3939 | D:5      | Killed from afar by an orc priest

Illustrated notes

Levels and vault maps discovered:
D:1:      shiori_arrival_elements, layout_basic, serial_shops,
          nicolae_shop_trees
D:2:      layout_basic, serial_shops, nicolae_lakefront_shop,
          minmay_fractal_squares_5
D:3:      layout_basic, kennysheep_vampire_church,
          ebering_ecumenical_altar_sacrificial, hex_tiny,
          kennysheep_pointless_box
D:4:      layout_loops_ring, minmay_temple_entry_arrows, uniq_robin
D:5:      layout_basic
Temple:   nicolae_temple_figure_eight

Skill      XL: |  1  2  3  4  5  6 |
---------------+-------------------+-----
Summonings     | 3 4 |  4.4
Maces & Flails | 1 2 3 4 |  4.9
Dodging        | 2 3 |  3.7
Stealth        | |  1.0
Spellcasting   | |  1.2

Action                   |  1- 3 |  4- 6 |  7- 9 || total
-------------------------+-------+-------+-------++-------
Melee: Whip              |    67 |       |       ||    67
       Unarmed           |     8 |       |       ||     8
       Flail             |    54 |   250 |    60 ||   364
 Cast: Summon Small Mamm |     6 |       |     1 ||     7
       Call Imp          |     1 |    11 |     3 ||    15
  Use: Scroll            |     3 |     1 |     2 ||     6
 Stab: Sleeping          |     1 |     3 |       ||     4
       Distracted        |       |     1 |     1 ||     2
Armor: Robe              |    55 |   119 |    22 ||   196
Dodge: Dodged            |    80 |   226 |    49 ||   355
